 Dungeon Crawl Stone Soup version 0.31-a0-574-g69dc8cc98e (console) character file.

Game seed: 8922387069179411172

14 jejorda2 the Chopper (level 2, -2/2 HPs)
             Began as a Gnoll Berserker on Aug 19, 2023.
             Was a Follower of Trog.
             Slain by a hobgoblin (4 damage)
             ... on level 1 of the Dungeon.
             The game lasted 00:00:58 (199 turns).

jejorda2 the Chopper (Gnoll Berserker)               Turns: 199, Time: 00:00:58

Health: -2/2       AC: 15    Str: 22    XL:     2   Next: 41%
Magic:  2/2        EV: 33    Int:  6    God:    Trog [*.....]
Gold:   26         SH:  0    Dex: 11    Spells: 1/1 levels left

rFire   . . .        a - melded +0 hand axe
rCold   . . .        (shield currently unavailable)
rNeg    . . .        b - melded +0 animal skin
rPois   ∞            (helmet currently unavailable)
rElec   +            (cloak currently unavailable)
rCorr   .            (gloves currently unavailable)
SInv    .            (boots currently unavailable)
Will    .....        (no amulet)
Stlth   +            f - +6 ring of strength
HPRegen 0.20/turn    (no ring)
MPRegen 0.08/turn

%: no passive effects
@: storm-form, flying
A: cleaving, insubstantial, flying, reduced hp, (fangs 1), strong nose,
distributed training
a: Blinkbolt, Begin Untransformation, Renounce Religion, Berserk


You were on level 1 of the Dungeon.
You worshipped Trog.
Trog was aware of your devotion.
You were a lightning-filled tempest!
You visited 1 branch of the dungeon, and saw 1 of its levels.

You collected 26 gold pieces.

Inventory:

Hand Weapons
 a - a +0 hand axe (melded)
Armour
 b - a +0 animal skin (melded)
 c - a +0 leather armour
Jewellery
 f - a +6 ring of strength (left fist)
Talismans
 e - a storm talisman (active)
Potions
 d - a potion of enlightenment {unknown}


   Skills:
 + Level 6.5 Fighting
 + Level 0.4 Short Blades
 + Level 0.4 Long Blades
 + Level 6.5 Axes
 + Level 0.4 Maces & Flails
 + Level 0.4 Polearms
 + Level 0.4 Staves
 + Level 0.4 Ranged Weapons
 + Level 0.4 Throwing
 + Level 4.5 Armour
 + Level 4.5 Dodging
 + Level 0.4 Stealth
 + Level 0.4 Shields
 + Level 0.4 Unarmed Combat
 + Level 0.4 Spellcasting
 + Level 0.2 Conjurations
 + Level 0.2 Hexes
 + Level 0.2 Summonings
 + Level 0.2 Necromancy
 + Level 0.2 Translocations
 + Level 0.2 Transmutations
 + Level 0.2 Fire Magic
 + Level 0.2 Ice Magic
 + Level 0.2 Air Magic
 + Level 0.2 Earth Magic
 + Level 0.2 Poison Magic
 + Level 0.5 Invocations
 + Level 0.4 Evocations
 + Level 0.2 Shapeshifting


You had one spell level left.
You didn't know any spells.
Your spell library was empty.

Dungeon Overview and Level Annotations

Branches:
Dungeon (1/15)

Altars:


Innate Abilities, Weirdness & Mutations

You are a lightning-filled tempest!
Your electrical attacks strike out in all directions at once.
You are incredibly evasive.
Your insubstantial body is immune to petrification, constriction, and being set on fire You are flying.
Your maximum health is decreased, since you lack skill for your form.
Your armour is entirely melded.
You are incapable of wielding weapons or throwing items.
You are immune to poison.
((You have very sharp teeth.))
Your uncanny sense of smell can sniff out nearby items.
Your experience applies equally to all skills.


Message History

The bat is severely wounded.
The bat completely misses you. The bat completely misses you.
A bat is nearby!
Found a stone staircase leading down.
The bat completely misses you.
You closely miss the bat.
The bat is severely wounded.
The bat completely misses you. x3
You hit the bat but do no damage. Lightning courses through the bat!
You kill the bat!
Trog accepts your kill.
No target in view!
A hobgoblin comes into view.
Found 11 gold pieces.
The hobgoblin shouts!
The hobgoblin misses you.
You batter the hobgoblin!!
You kill the hobgoblin!
Trog accepts your kill.
No target in view!
No target in view!
You now have 26 gold pieces (gained 11).
A kobold comes into view. It is wielding a +0 short sword.
An endoplasm comes into view.
Found 11 gold pieces.
You closely miss the kobold. The kobold completely misses you.
You closely miss the kobold. The kobold hits you but does no damage.
You batter the endoplasm!!
You kill the endoplasm!
Trog accepts your kill.
You buffet the kobold!
You kill the kobold!
Trog accepts your kill.
A hobgoblin comes into view.
Items here: ) †.
The hobgoblin shouts!
Found a stone staircase leading down.
The hobgoblin completely misses you.
You closely miss the hobgoblin. The hobgoblin hits you.
Ouch! That really hurt!
You die...

##.# .. #####
###..# #...#
###...##
#..$###...###
#...##..###
#...##.##
#..)...#
#####.#####
#....v#
#...#.g## ##
#.. >...
..... #.####
#. ∆ #


You could see a hobgoblin.

Vanquished Creatures
  A ball python (D:1)
  2 bats (D:1)
  3 endoplasms (D:1)
  A hobgoblin (D:1)
  A quokka (D:1)
  A frilled lizard (D:1)
  2 kobolds (D:1)
11 creatures vanquished.

Notes
Turn   | Place    | Note
-------+----------+-------------------------------------------
     0 | D:1      | jejorda2 the Gnoll Berserker began the quest for the Orb.
     0 | D:1      | Reached XP level 1. HP: 23/23 MP: 1/1
    75 | D:1      | Reached XP level 2. HP: 2/29 MP: 2/2
   199 | D:1      | Slain by a hobgoblin

Illustrated notes

Levels and vault maps discovered:
D:1:      elethiomel_arrival_infinity_welcomes_careful_drivers, layout_basic

Action                     || total
---------------------------++-------
  Melee: Hand axe          ||    16
         Unarmed           ||    18
         Punch             ||     1
         Bite              ||     1
   Stab: Sleeping          ||     1
 Armour: Animal skin       ||     4
         Skin              ||     2
  Dodge: Dodged            ||    32
   Form: Storm             ||     1

Table legend: (Time is in decaauts)
 A = Elapsed time spent in this place.
 B = Non-inter-level travel time spent in this place.
 C = Inter-level travel time spent in this place.
 D = Time resting spent in this place.
 E = Time spent auto-exploring this place.
 F = Levels seen in this place.
 G = Mean time per level.
                   A        B        C        D        E       F      G
               +--------+--------+--------+--------+--------+-----+--------+
         Total |    198 |    198 |      0 |      0 |    102 |   1 |  198.0 |
       Dungeon |    198 |    198 |      0 |      0 |    102 |   1 |  198.0 |
               +--------+--------+--------+--------+--------+-----+--------+

Top non-repeatable levels by time:
     D:1: 198 daAuts
